 Dungeon Crawl Stone Soup version 0.19-a0-805-g0a78ef0 (webtiles) character file.

68 TheGoonsmith the Cudgeler (level 4, -2/49 HPs)
             Began as an Ogre Berserker on June 27, 2016.
             Was a Believer of Trog.
             Slain by a gnoll sergeant
             ... wielding a +2 spear of piercing
              (5 damage)
             ... on level 3 of the Dungeon.
             The game lasted 00:02:34 (1494 turns).

TheGoonsmith the Cudgeler (Ogre Berserker)          Turns: 1494, Time: 00:02:34

Health: -2/49      AC:  3    Str: 22    XL:     4   Next: 19%
Magic:  4/4        EV:  5    Int:  6    God:    Trog [**....]
Gold:   49         SH:  0    Dex: 10    Spells: 0 memorised, 3 levels left

rFire  . . .     SeeInvis .     a - +0 mace
rCold  . . .     Gourm    .     b - +0 animal skin
rNeg   . . .     Faith    .     (no shield)
rPois  .         Spirit   .     (helmet restricted)
rElec  .         Dismiss  .     (no cloak)
rCorr  .         Reflect  .     (gloves unavailable)
SustAt .         Harm     .     (boots unavailable)
MR     .....                    (no amulet)
Stlth  +.........               (no ring)
                                (no ring)

@: exhausted, slowed, very slow, not resistant to hostile enchantments, very
unstealthy
A: unfitting armour, tough skin 1
a: Berserk, Trog's Hand, Burn Spellbooks, Renounce Religion


You were on level 3 of the Dungeon.
You worshipped Trog.
Trog was pleased with you.
You were not hungry.

You visited 1 branch of the dungeon, and saw 3 of its levels.

You collected 49 gold pieces.

Inventory:

Hand Weapons
 a - a +0 mace (weapon)
Missiles
 d - 15 stones (quivered)
Armour
 b - a +0 animal skin (worn)
Scrolls
 g - 2 scrolls of fog {unknown}
 j - 2 scrolls of enchant weapon {unknown}
 k - 2 scrolls of teleportation {unknown}
 n - a scroll of noise {unknown}
 p - a scroll of random uselessness {unknown}
Potions
 e - 2 potions of lignification {unknown}
 f - 2 potions of invisibility {unknown}
 h - a potion of ambrosia {unknown}
 i - a potion of mutation {unknown}
 l - a potion of berserk rage {unknown}
 m - 2 potions of haste {unknown}
 o - 2 potions of curing {unknown}
Comestibles
 c - a bread ration


   Skills:
 + Level 4.6 Fighting
 * Level 5.4 Maces & Flails
 + Level 1.7 Throwing
 - Level 2.6 Dodging


You had 3 spell levels left.
You didn't know any spells.

Dungeon Overview and Level Annotations

Branches:
Dungeon (3/15)

Altars:
Gozag


Innate Abilities, Weirdness & Mutations

You are too large for most types of armour.
You have tough skin. (AC +1)


Message History

You continue eating.
The gnoll sergeant closely misses you. The gnoll sergeant misses you.
You finish eating.
That bread ration really hit the spot!
Unknown command.
The gnoll sergeant hits you from afar with a spear of piercing!
You feel the effects of Trog's Hand fading.
There is a stone staircase leading up here.
The gnoll sergeant hits you from afar with a spear of piercing!
The gnoll sergeant hits you with a spear of piercing.
* * * LOW HITPOINT WARNING * * *
The gnoll sergeant hits you with a spear of piercing!
* * * LOW HITPOINT WARNING * * *
x2
There is a stone staircase leading up, spattered with blood here.
Okay, then.
Your skin stops crawling.
You feel less resistant to hostile enchantments.
The gnoll hits you from afar with a spear.
* * * LOW HITPOINT WARNING * * *
The gnoll sergeant hits you with a spear of piercing.
You die...

######
#.@gg#
####g#
#.#
#g#
#g#
#.#
#g#
#.#
####
#.#
#...


You could see a gnoll sergeant and 2 gnolls.

Vanquished Creatures
  A gnoll (D:3)
  An adder (D:2)
  A worm (D:2)
  A giant gecko (D:1)
  A ball python (D:2)
  A giant cockroach (D:2)
  4 goblins
  10 hobgoblins
  2 jackals (D:2)
  A quokka (D:2)
  5 bats
  4 giant newts
  6 kobolds
  6 rats
44 creatures vanquished.

Notes
Turn   | Place    | Note
--------------------------------------------------------------
     0 | D:1      | TheGoonsmith the Ogre Berserker began the quest for the Orb.
     0 | D:1      | Reached XP level 1. HP: 24/24 MP: 1/1
   160 | D:1      | Reached XP level 2. HP: 32/32 MP: 2/2
   415 | D:1      | Reached ** piety under Trog
   415 | D:1      | Reached skill level 1 in Throwing
   750 | D:2      | Reached XP level 3. HP: 30/40 MP: 3/3
   867 | D:2      | Reached skill level 5 in Maces & Flails
  1304 | D:2      | Found an opulent altar of Gozag.
  1438 | D:3      | Noticed a gnoll sergeant
  1475 | D:3      | Reached XP level 4. HP: 49/49 MP: 4/4
  1494 | D:3      | Slain by a gnoll sergeant

Vault maps used:
D:1:      shiori_shiawase
D:2:      lemuel_crystal_altar
D:3:      nicolae_overflow_hidden_temple, ecumenical_altar_2

Skill      XL: |  1  2  3 |
---------------+----------+-----
Throwing       | 1 |  1.7
Maces & Flails | 5 |  5.4
Fighting       | |  4.6
Dodging        | |  2.6

Action                   |  1- 3 |  4- 6 || total
-------------------------+-------+-------++-------
Melee: Mace              |    91 |     5 ||    96
Throw: Stone             |    91 |       ||    91
Invok: Berserk           |     1 |       ||     1
       Trog's Hand       |       |     1 ||     1
  Eat: Chunk             |     1 |       ||     1
       Bread ration      |       |     1 ||     1
Armor: Animal skin       |    28 |       ||    28
Dodge: Dodged            |    54 |     8 ||    62
